 Dungeon Crawl Stone Soup version 0.25-a0-975-gcae8493d64 (webtiles) character file.

Game seed: 7901868402002064477, levelgen mode: deterministic

905 MisterFreud the Ducker (level 8, -3/55 HPs)
             Began as an Octopode Gladiator on May 9, 2020.
             Slain by an ogre
             ... wielding a +0 giant club
              (26 damage)
             ... on level 5 of the Dungeon.
             The game lasted 00:05:20 (5347 turns).

MisterFreud the Ducker (Octopode Gladiator)         Turns: 5347, Time: 00:05:21

Health: -3/55      AC:  1    Str: 13    XL:     8   Next: 8%
Magic:  8/8        EV: 17    Int: 12    God:
Gold:   271        SH:  0    Dex: 16    Spells: 7/7 levels left

rFire    . . .     SeeInvis .   a - +0 long sword
rCold    . . .     Gourm    .   (no shield)
rNeg     . . .     Faith    .   b - +0 hat
rPois    .         Spirit   .   l - amulet of the acrobat
rElec    .         Reflect  .   n - +2 ring of dexterity
rCorr    +         Harm     .   r - ring of resist corrosion
MR       .....                  (no ring)
Stlth    ++........             (no ring)
HPRegen  0.18/turn              (no ring)
MPRegen  0.11/turn              (no ring)
                                (no ring)
                                (no ring)

@: no status effects
A: almost no armour, stealthy swim, amphibious, 8 rings, constrict 8, camouflage
1, gelatinous body 1
a: no special abilities


You were on level 5 of the Dungeon.
You were not hungry.

You visited 1 branch of the dungeon, and saw 5 of its levels.
You also visited: Sewer.

You collected 271 gold pieces.

Inventory:

Hand Weapons
 a - a +0 long sword (weapon)
Missiles
 c - 3 throwing nets (quivered)
 q - 12 poisoned darts
 D - 12 boomerangs
Armour
 b - a +0 hat (worn)
Jewellery
 l - an amulet of the acrobat (around mantle)
 n - a +2 ring of dexterity (left tentacle)
 r - a ring of resist corrosion (right tentacle)
Wands
 w - a wand of acid (9)
 A - a wand of paralysis (13)
Scrolls
 e - 2 scrolls of magic mapping
 h - 2 scrolls of amnesia {unknown}
 i - 7 scrolls of identify {unknown}
 j - a scroll of enchant weapon {unknown}
 o - 6 scrolls of teleportation {unknown}
 p - 2 scrolls of blinking {unknown}
 v - a scroll of remove curse {unknown}
 y - 2 scrolls of random uselessness {unknown}
 z - a scroll of enchant armour {unknown}
 C - a scroll of torment {unknown}
Potions
 f - a potion of degeneration {unknown}
 g - 3 potions of lignification {unknown}
 k - a potion of flight {unknown}
 m - 5 potions of curing
 s - a potion of haste {unknown}
 t - a potion of heal wounds {unknown}
 u - a potion of magic {unknown}
 x - a potion of stabbing {unknown}
 B - a potion of cancellation {unknown}
Comestibles
 d - 9 rations


   Skills:
 - Level 5.0 Fighting
 - Level 6.0 Long Blades
 - Level 2.0 Throwing
 + Level 6.3 Dodging


You had 7 spell levels left.
You didn't know any spells.
Your spell library was empty.

Dungeon Overview and Level Annotations

Branches:
Dungeon (5/15)              Sewer (visited)
 Temple: D:4-7

Altars:
Makhleb
Okawaru
The Shining One


Innate Abilities, Weirdness & Mutations

You cannot wear most types of armour.
You are very stealthy in the water. (Stealth+)
You are amphibious.
You can wear up to eight rings at the same time.
You can use your tentacles to constrict eight enemies at once.
Your skin changes colour to match your surroundings (Stealth+).
Your rubbery body absorbs attacks. (AC +1, EV +1)


Message History

You hit the ogre.
The ogre is moderately wounded.
The ogre misses you.
You hit the ogre. You squeeze the ogre, but do no damage.
The ogre is moderately wounded.
The ogre closely misses you.
You hit the ogre.
The ogre is heavily wounded.
The ogre hits you with a +0 giant club!!
You hit the ogre.
The ogre is heavily wounded.
The ogre hits you with a +0 giant club!
You are too injured to fight recklessly!
You are too injured to fight recklessly!
Unknown command.
You are too injured to fight recklessly!
You hit the ogre.
The ogre is severely wounded.
The ogre hits you with a +0 giant club!!
You die...

## #######. ###.#..#..
#......... ###
...#......
###.#####..##..<...
#.................#
#O.......##.##...##
##@..#.....>.##...#
..#....#....##..###.#
..........#.....####..
.........#.#....###.#..
.........##..###........
....##...##..##.........
........?...##..........
....##..##..............
#.. ...............


You could see an ogre.

Vanquished Creatures
  Sigmund (D:2)
  An ogre (D:5)
  A centaur (D:5)
  A crimson imp (D:5)
  2 orc priests (D:4)
  A hound (D:5)
  Ijyb (D:4)
  An iguana (D:3)
  An orc wizard (D:4)
  Natasha (thrice) (D:3)
  A killer bee zombie (D:5)
  Robin (D:4)
  4 gnolls (D:3)
  13 adders
  A river rat (D:3)
  A dart slug (D:1)
  3 leopard geckos
  8 orcs
  9 bats
  3 giant cockroaches
  15 goblins
  13 hobgoblins
  21 jackals
  10 kobolds
  A quokka (D:5)
  8 ball pythons
  A ball python skeleton (D:4)
  7 frilled lizards
  6 rats
  A plant (Sewer)
140 creatures vanquished.

Notes
Turn   | Place    | Note
-------+----------+-------------------------------------------
     0 | D:1      | MisterFreud the Octopode Gladiator began the quest for the
                  | Orb.
     0 | D:1      | Reached XP level 1. HP: 14/14 MP: 1/1
    39 | D:1      | Reached XP level 2. HP: 14/20 MP: 2/2
   656 | D:1      | Reached XP level 3. HP: 26/26 MP: 3/3
   931 | D:2      | Noticed Sigmund
   944 | D:2      | Killed Sigmund
   944 | D:2      | Reached skill level 5 in Fighting
   944 | D:2      | Reached XP level 4. HP: 26/35 MP: 4/4
   944 | D:2      | Reached XP level 5. HP: 29/39 MP: 5/5
  1396 | D:2      | Reached XP level 6. HP: 44/45 MP: 6/6
  2020 | D:3      | Found a glowing drain.
  2024 | D:3      | Reached skill level 5 in Long Blades
  2041 | Sewer    | Entered a sewer
  2887 | D:3      | Noticed Natasha
  2894 | D:3      | Killed Natasha
  2918 | D:3      | Noticed Natasha
  2995 | D:3      | Killed Natasha
  2995 | D:3      | Reached XP level 7. HP: 17/50 MP: 7/7
  3119 | D:3      | Noticed Natasha
  3138 | D:3      | Killed Natasha
  3400 | D:3      | Found an iron altar of Okawaru.
  3406 | D:3      | Found a glowing golden altar of the Shining One.
  3505 | D:4      | Noticed Robin
  3754 | D:4      | Killed Robin
  4392 | D:4      | Noticed Ijyb
  4396 | D:4      | Paralysed by Ijyb for 2 turns
  4400 | D:4      | Killed Ijyb
  4741 | D:5      | Entered Level 5 of the Dungeon
  4753 | D:5      | Reached skill level 5 in Dodging
  4969 | D:5      | Reached XP level 8. HP: 30/55 MP: 8/8
  5293 | D:5      | Found a burning altar of Makhleb.
  5347 | D:5      | Slain by an ogre

Illustrated notes

Levels and vault maps discovered:
D:1:      psy_arrival_statuary, layout_basic, chequers_serial_rivers_small_b,
          serial_park_tiny_pond
D:2:      layout_loops_cross, first_ration, minmay_statues_item,
          chequers_hall_statues_corner_a, kennysheep_generic_room_14,
          uniq_sigmund
D:3:      layout_rooms, minitemple, portal_sewer_entry_a, uniq_natasha
D:4:      layout_loops_ring, uniq_robin, uniq_ijyb
D:5:      layout_cave_pools, basic_altar

Skill      XL: |  1  2  3  4  5  6  7 |
---------------+----------------------+-----
Fighting       | 3 5 |  5.0
Long Blades    | 4 6 |  6.0
Dodging        | 6 |  6.3
Throwing       | |  2.0

Action                   |  1- 3 |  4- 6 |  7- 9 || total
-------------------------+-------+-------+-------++-------
Melee: Long sword        |    41 |   124 |   103 ||   268
       Constrict         |    14 |    36 |    26 ||    76
       Tentacles         |    10 |    33 |    25 ||    68
  Use: Scroll            |       |     1 |       ||     1
 Stab: Sleeping          |     7 |    11 |     8 ||    26
       Distracted        |     1 |       |       ||     1
  Eat: Chunk             |       |     7 |     7 ||    14
Armor: Skin              |     2 |    10 |     1 ||    13
Dodge: Dodged            |    24 |    90 |    88 ||   202
       Rpst.: Long sword |     7 |    28 |    26 ||    61

Table legend:
 A = Non-vault XP
 B = Vault XP
 C = Vault XP percentage of total XP
 D = Non-vault monster count
 E = Vault monster count
 F = Vault count percentage of total count
                 A         B        C        D         E       F
            +---------+---------+-------+---------+---------+-------
      Total |     884 |     410 |  31.7 |      99 |      40 |  28.8
            +---------+---------+-------+---------+---------+-------
        D:1 |      40 |       0 |   0.0 |      23 |       0 |   0.0
        D:2 |     115 |     221 |  65.8 |      26 |       2 |   7.1
        D:3 |     224 |      54 |  19.4 |      23 |       6 |  20.7
        D:4 |     147 |      71 |  32.6 |      15 |      13 |  46.4
        D:5 |     358 |       0 |   0.0 |      12 |       0 |   0.0
      Sewer |       0 |      64 | 100.0 |       0 |      19 | 100.0
            +---------+---------+-------+---------+---------+-------
